 Dungeon Crawl Stone Soup version 0.29.1-15-g9cfb28693d (webtiles) character file.

Game seed: 9955012259028830447

9305 zeram the Blocker (level 11, 0/89 HPs)
             Began as a Gnoll Fighter on Apr 21, 2023.
             Was an Initiate of Gozag.
             Slain by a yak (13 damage)
             ... on level 10 of the Dungeon.
             The game lasted 00:15:26 (10221 turns).

zeram the Blocker (Gnoll Fighter)                  Turns: 10221, Time: 00:15:27

Health: 0/89       AC: 11    Str: 15    XL:     11   Next: 44%
Magic:  20/20      EV: 14    Int: 11    God:    Gozag
Gold:   290        SH:  7    Dex: 16    Spells: 19/23 levels left

rFire   . . .      SeeInvis +   k - +6 dagger (venom)
rCold   . . .      Faith    .   c - +0 buckler
rNeg    . . .      Spirit   .   D - +0 troll leather armour
rPois   .          Reflect  .   t - +2 hat
rElec   .          Harm     .   u - +1 cloak of Past Mistakes {Contam Dex+3 Slay+3}
rCorr   .          Rampage  .   w - +0 pair of gloves
Will    .....                   (no boots)
Stlth   +++.......              (no amulet)
HPRegen 1.04/turn               m - ring of see invisible
MPRegen 0.17/turn               q - +4 ring of slaying

@: about to teleport, gold aura
A: fangs 1, strong nose, distributed training
a: Renounce Religion, Potion Petition, Call Merchant, Bribe Branch


You were on level 10 of the Dungeon.
You worshipped Gozag.
Gozag was aware of your devotion.
You visited 2 branches of the dungeon, and saw 11 of its levels.

You collected 843 gold pieces.
You spent 371 gold pieces at shops.
You paid 182 gold pieces to Gozag.

Inventory:

Hand Weapons
 a - a +0 war axe
 k - a +6 dagger of venom (weapon)
Missiles
 x - 3 throwing nets (quivered)
Armour
 b - a +0 scale mail
 c - a +0 buckler (worn)
 h - a +0 plate armour
 l - a +0 helmet
 t - a +2 hat (worn)
 u - the +1 cloak of Past Mistakes (worn) {Contam Dex+3 Slay+3}
   (You acquired it on level 3 of the Dungeon)

   Dex:       It affects your dexterity (+3).
   Slay:      It affects your accuracy & damage with ranged weapons and melee
   (+3).
   Contam:    It causes magical contamination when unequipped.
 w - a +0 pair of gloves (worn)
 D - a +0 troll leather armour (worn)
Jewellery
 m - a ring of see invisible (left hand)
 o - a ring of poison resistance
 q - a +4 ring of slaying (right hand)
 E - a +6 ring of strength
 G - a +6 ring of intelligence
Wands
 j - a wand of flame (11)
 F - a wand of iceblast (6)
 H - a wand of digging (4)
Scrolls
 d - a scroll of poison
 g - 3 scrolls of teleportation
 n - 4 scrolls of blinking
 y - a scroll of fog
 B - a scroll of summoning
 I - a scroll of magic mapping
Potions
 e - 2 potions of mutation
 f - 4 potions of haste
 i - 2 potions of attraction
 p - a potion of resistance
 r - 2 potions of cancellation
 s - 2 potions of curing
 v - 3 potions of lignification
 z - a potion of invisibility {unknown}
 A - 2 potions of degeneration
 C - a potion of flight {unknown}
 J - a potion of might
 K - a potion of ambrosia {unknown}


   Skills:
 + Level 9.3 Fighting
 + Level 6.5 Short Blades
 + Level 6.5 Long Blades
 + Level 8.1 Axes
 + Level 6.5 Maces & Flails
 + Level 6.5 Polearms
 + Level 6.5 Staves
 + Level 6.5 Ranged Weapons
 + Level 6.5 Throwing
 + Level 9.3 Armour
 + Level 6.5 Dodging
 + Level 6.5 Stealth
 + Level 9.3 Shields
 + Level 6.5 Unarmed Combat
 + Level 6.5 Spellcasting
 + Level 5.4 Conjurations
 + Level 5.4 Hexes
 + Level 5.4 Summonings
 + Level 5.4 Necromancy
 + Level 5.4 Translocations
 + Level 5.4 Transmutations
 + Level 5.4 Fire Magic
 + Level 5.4 Ice Magic
 + Level 5.4 Air Magic
 + Level 5.4 Earth Magic
 + Level 5.4 Poison Magic
 + Level 7.2 Invocations
 + Level 6.5 Evocations


You had 19 spell levels left.
You knew the following spells:

 Your Spells              Type           Power      Damage    Failure   Level
a - Cause Fear            Hex            7%         N/A       28%         4

Your spell library contained the following spells:

 Spells                   Type           Power      Damage    Failure   Level
 Summon Small Mammal      Summ           60%        N/A       3%          1
 Ensorcelled Hibernation  Hex/Ice        30%        N/A       4%          2
 Poisonous Vapours        Pois/Air       30%        N/A       4%          2
 Call Canine Familiar     Summ           15%        N/A       9%          3
 Spider Form              Tmut/Pois      15%        N/A       9%          3
 Summon Guardian Golem    Hex/Summ       15%        N/A       9%          3
 Anguish                  Hex/Necr       7%         N/A       28%         4
 Dragon Form              Tmut           7%         N/A       100%        7
 Enfeeble                 Hex            7%         N/A       100%        7
 Dragon's Call            Summ           7%         N/A       100%        9
 Corpse Rot               Necr/Pois/Air  Unusable   N/A       N/A         4

Dungeon Overview and Level Annotations

Branches:
Dungeon (10/15)            Temple (1/1) D:7
   Lair: D:8-11         Orc: D:9-12

Altars:
Ashenzari
Cheibriados
Dithmenos
Elyvilon
Fedhas
Gozag
Hepliaklqana
Kikubaaqudgha
Makhleb
Nemelex Xobeh
Okawaru
Qazlal
Ru
Sif Muna
Trog
Uskayaw
Vehumet
Wu Jian
Xom
Yredelemnul
Zin
The Shining One

Shops:
D:3 [   D:7 ?


Innate Abilities, Weirdness & Mutations

You have very sharp teeth.
Your uncanny sense of smell can sniff out nearby items.
Your experience applies equally to all skills.


Message History

* * * LOW HITPOINT WARNING * * *
You puncture the yak!
The yak looks as sick as possible!
The yak is heavily wounded.
The yak gores you but does no damage. You block the yak's attack.
The yak closely misses you.
Unknown command.
You closely miss the yak.
The yak is heavily wounded.
The yak is distracted by your dazzling golden aura.
The yak misses you. You block the yak's attack.
You puncture the yak!
The yak looks as sick as possible!
The yak is almost dead.
You puncture the yak!
You kill the yak!
The yak is no longer distracted by gold. x2
The yak gores you.
* * * LOW HITPOINT WARNING * * *
The yak gores you!
* * * LOW HITPOINT WARNING * * *
The yak gores you.
* * * LOW HITPOINT WARNING * * *
The yak attacks as you move away! The yak closely misses you.
The yak gores you!
* * * LOW HITPOINT WARNING * * *
The yak is distracted by your dazzling golden aura.
The yak is no longer distracted by gold.
The yak attacks as you move away! The yak gores you.
* * * LOW HITPOINT WARNING * * *
The yak is distracted by your dazzling golden aura.
The yak attacks as you move away! The yak gores you.
* * * LOW HITPOINT WARNING * * *
The yak is no longer distracted by gold.
Okay, then.
Casting: Cause Fear (dangerous; 28% risk of failure)
Confirm with . or Enter, or press ? or * to list all spells.
Okay, then.
As you read the scroll of teleportation, it crumbles to dust.
You feel strangely unstable. The yak gores you!
You die...
Your body crumbles into a pile of gold.

#.............# #......
#.............# #......
#.............#
##......
#.............#
#.......
#.............#
#.......
#.............#
#.'#####
#########.............#
#.#...#.
$.....)...............#
#.#...#.
$.........Y....Y@.....#
###...).
.########..Y.)........#
###._. .
#.............#
###..... #
#....>........#
#.#...#.
#.............#
#.#...#.
#.............#
##.'#####
#.............###.....#
#
#.....................#
#
#.....................#


You could see 3 yaks.

Vanquished Creatures
  3 two-headed ogres
  2 trolls
  Grinder (D:3)
  2 wraiths (D:9)
  A shadow (D:9)
  7 spriggans (D:9)
  7 yaks
  A wyvern (D:9)
  2 steam dragons
  Edmund (D:5)
  An acid dragon (D:9)
  4 water moccasins
  2 black bears
  3 ice beasts
  An orc warrior (D:7)
  An ogre (D:6)
  4 centaurs
  A phantom (D:5)
  Blork the orc (D:5)
  3 kobold brigands
  6 bullfrogs
  3 gnoll sergeants
  2 scorpions
  A killer bee (D:9)
  10 wights
  A howler monkey (D:6)
  3 hounds
  3 jellies
  2 orc priests
  A gnoll bouda (D:6)
  5 orc wizards
  An iguana (D:7)
  Robin (D:2)
  5 adders
  17 gnolls
  3 shadow imps
  4 white imps
  An ufetubus (D:5)
  3 dart slugs
  21 orcs
  6 ball pythons
  7 endoplasms
  3 giant cockroaches
  9 goblins
  8 hobgoblins
  2 jackals (D:1)
  16 kobolds
  3 quokkas
  5 bats
  3 frilled lizards
  5 rats
208 creatures vanquished.

Vanquished Creatures (others)
  2 plants (D:7)
2 creatures vanquished.

Grand Total: 210 creatures vanquished

Notes
Turn   | Place    | Note
-------+----------+-------------------------------------------
     0 | D:1      | zeram the Gnoll Fighter began the quest for the Orb.
     0 | D:1      | Reached XP level 1. HP: 23/23 MP: 1/1
   280 | D:1      | Reached XP level 2. HP: 26/29 MP: 2/2
   520 | D:1      | Found a faded altar of an unknown god.
  1571 | D:2      | Noticed Robin
  1577 | D:2      | Reached XP level 3. HP: 35/35 MP: 3/3
  1593 | D:2      | Reached skill level 1 in Invocations
  1603 | D:2      | Killed Robin
  1604 | D:2      | Reached skill level 1 in Short Blades
  1604 | D:2      | Reached skill level 1 in Long Blades
  1604 | D:2      | Reached skill level 1 in Maces & Flails
  1604 | D:2      | Reached skill level 1 in Polearms
  1604 | D:2      | Reached skill level 1 in Staves
  1604 | D:2      | Reached skill level 1 in Ranged Weapons
  1604 | D:2      | Reached skill level 1 in Throwing
  1604 | D:2      | Reached skill level 1 in Dodging
  1604 | D:2      | Reached skill level 1 in Stealth
  1604 | D:2      | Reached skill level 1 in Unarmed Combat
  1604 | D:2      | Reached skill level 1 in Spellcasting
  1604 | D:2      | Reached skill level 1 in Evocations
  2599 | D:3      | Reached XP level 4. HP: 36/41 MP: 5/5
  2648 | D:3      | Reached skill level 1 in Conjurations
  2648 | D:3      | Reached skill level 1 in Hexes
  2648 | D:3      | Reached skill level 1 in Summonings
  2648 | D:3      | Reached skill level 1 in Necromancy
  2648 | D:3      | Reached skill level 1 in Translocations
  2648 | D:3      | Reached skill level 1 in Transmutations
  2648 | D:3      | Reached skill level 1 in Fire Magic
  2648 | D:3      | Reached skill level 1 in Ice Magic
  2648 | D:3      | Reached skill level 1 in Air Magic
  2648 | D:3      | Reached skill level 1 in Earth Magic
  2648 | D:3      | Reached skill level 1 in Poison Magic
  2682 | D:3      | Found a hazy altar of Hepliaklqana.
  2767 | D:3      | Found Fexte's Antique Armour Shop.
  2770 | D:3      | Bought a runed hat for 154 gold pieces
  2903 | D:3      | Noticed Grinder
  2912 | D:3      | Paralysed by Grinder for 3 turns
  2938 | D:3      | Paralysed by Grinder for 2 turns
  2955 | D:3      | Paralysed by Grinder for 2 turns
  3193 | D:3      | Killed Grinder
  3194 | D:3      | Reached skill level 5 in Axes
  3194 | D:3      | Reached XP level 5. HP: 24/47 MP: 5/8
  3194 | D:3      | Reached XP level 6. HP: 27/53 MP: 5/9
  3688 | D:3      | Identified a scroll of acquirement
  3688 | D:3      | Acquired the +1 cloak of Past Mistakes {Contam Dex+3
                  | Slay+3}
  4418 | D:5      | Entered Level 5 of the Dungeon
  4437 | D:5      | Reached XP level 7. HP: 56/60 MP: 10/10
  4710 | D:5      | Noticed Edmund
  4720 | D:5      | Killed Edmund
  4869 | D:5      | Found a broken altar of Ashenzari.
  4883 | D:5      | Noticed Blork the orc
  4900 | D:5      | Killed Blork the orc
  4996 | D:5      | Reached XP level 8. HP: 67/67 MP: 12/12
  6331 | D:6      | Reached XP level 9. HP: 58/73 MP: 14/14
  6644 | D:6      | Found a white marble altar of Elyvilon.
  6918 | D:7      | Found a radiant altar of Vehumet.
  7000 | D:7      | Found Cif Ucit's Magic Scroll Shoppe.
  7009 | D:7      | Bought a scroll of teleportation for 42 gold pieces
  7009 | D:7      | Bought a scroll of teleportation for 42 gold pieces
  7009 | D:7      | Bought a scroll of summoning for 133 gold pieces
  7093 | D:7      | Found a staircase to the Ecumenical Temple.
  7157 | Temple   | Entered the Ecumenical Temple
  7669 | D:6      | Reached skill level 5 in Invocations
  7865 | D:7      | Found a glowing golden altar of the Shining One.
  8725 | D:9      | Noticed a two-headed ogre
  8735 | D:9      | Killed a two-headed ogre
  8736 | D:9      | Reached skill level 5 in Short Blades
  8736 | D:9      | Reached skill level 5 in Long Blades
  8736 | D:9      | Reached skill level 5 in Maces & Flails
  8736 | D:9      | Reached skill level 5 in Polearms
  8736 | D:9      | Reached skill level 5 in Staves
  8736 | D:9      | Reached skill level 5 in Ranged Weapons
  8736 | D:9      | Reached skill level 5 in Throwing
  8736 | D:9      | Reached skill level 5 in Dodging
  8736 | D:9      | Reached skill level 5 in Stealth
  8736 | D:9      | Reached skill level 5 in Unarmed Combat
  8736 | D:9      | Reached skill level 5 in Spellcasting
  8736 | D:9      | Reached skill level 5 in Evocations
  8736 | D:9      | Reached XP level 10. HP: 71/82 MP: 17/17
  8737 | D:9      | Found a shadowy altar of Dithmenos.
  8816 | D:9      | Found a stormy altar of Qazlal.
  9295 | Temple   | Became a worshipper of Gozag Ym Sagoz the Greedy
  9446 | D:9      | Learned a level 4 spell: Cause Fear
  9468 | D:9      | Reached skill level 5 in Conjurations
  9468 | D:9      | Reached skill level 5 in Hexes
  9468 | D:9      | Reached skill level 5 in Summonings
  9468 | D:9      | Reached skill level 5 in Necromancy
  9468 | D:9      | Reached skill level 5 in Translocations
  9468 | D:9      | Reached skill level 5 in Transmutations
  9468 | D:9      | Reached skill level 5 in Fire Magic
  9468 | D:9      | Reached skill level 5 in Ice Magic
  9468 | D:9      | Reached skill level 5 in Air Magic
  9468 | D:9      | Reached skill level 5 in Earth Magic
  9468 | D:9      | Reached skill level 5 in Poison Magic
  9473 | D:9      | Reached XP level 11. HP: 89/89 MP: 20/20
  9612 | D:9      | Identified the +7 rapier "Giant's Toothpick" {vorpal, rC+
                  | rCorr Dex+4}
  9718 | D:9      | Noticed a two-headed ogre
  9726 | D:9      | Killed a two-headed ogre
  9746 | D:10     | Entered Level 10 of the Dungeon
  9746 | D:10     | Noticed a two-headed ogre
  9754 | D:10     | Killed a two-headed ogre
 10067 | D:10     | Found a sacrificial altar of Ru.
 10221 | D:10     | Slain by a yak

Illustrated notes

Levels and vault maps discovered:
D:1:      heliophobic_arrival_battle_scene, layout_loops_ring,
          hellmonk_ecumenical_altar_pennies_from_heaven,
          serial_co_window_serial, co_window_cross_1,
          co_window_of_opportunity_a, co_window_corner_a,
          co_window_of_opportunity_a, co_window_paths_a, co_window_corner_b,
          co_window_corner_cb, co_window_paths_c, co_window_corner_cb,
          co_window_broadway_b, co_window_broadway_a, co_window_corner_b,
          co_window_paths_e, glass_columns_b, glass_columns_b, glass_columns_a
D:2:      layout_loops_ring, uniq_robin
D:3:      layout_loops_corners, mainiacjoe_overflow_catwalk, serial_shops,
          nicolae_shop_behind_doors, minmay_misc_feat_pillars,
          minmay_surrounded, uniq_grinder
D:4:      layout_gridville
D:5:      layout_gridville, ashenzari_conservatory_becter, bh_walls_and_bars,
          uniq_edmund, uniq_blork_the_orc
D:6:      layout_loops_cross, mainiacjoe_overflow_chevrons
D:7:      layout_cave_pools, mainiacjoe_overflow_boulevard,
          mainiacjoe_overflow_concentric_impassable, temple_fountains,
          serial_shops, shop
D:8:      layout_loops_ring, kennysheep_generic_room_5
D:9:      kb_forest_paths, layout_basic, mainiacjoe_overflow_small_starburst,
          nicolae_overflow_hidden_temple
D:10:     layout_small_grid, nicolae_ru_great_annihilating_truth,
          erik_lair_dragon, enter_bailey_2, nicolae_hexahallways
Temple:   dpeg_chambers_temple

Skill      XL: |  1  2  3  4  5  6  7  8  9 10 11 |
---------------+----------------------------------+-----
Invocations    | 1 2 3 4 5 6 7 |  7.2
Short Blades   | 1 2 3 5 6 |  6.5
Long Blades    | 1 2 3 5 6 |  6.5
Maces & Flails | 1 2 3 5 6 |  6.5
Polearms       | 1 2 3 5 6 |  6.5
Staves         | 1 2 3 5 6 |  6.5
Ranged Weapons | 1 2 3 5 6 |  6.5
Throwing       | 1 2 3 5 6 |  6.5
Dodging        | 1 2 3 5 6 |  6.5
Stealth        | 1 2 3 5 6 |  6.5
Unarmed Combat | 1 2 3 5 6 |  6.5
Spellcasting   | 1 2 3 5 6 |  6.5
Evocations     | 1 2 3 5 6 |  6.5
Conjurations   | 1 2 3 4 5 |  5.4
Hexes          | 1 2 3 4 5 |  5.4
Summonings     | 1 2 3 4 5 |  5.4
Necromancy     | 1 2 3 4 5 |  5.4
Translocations | 1 2 3 4 5 |  5.4
Transmutations | 1 2 3 4 5 |  5.4
Fire Magic     | 1 2 3 4 5 |  5.4
Ice Magic      | 1 2 3 4 5 |  5.4
Air Magic      | 1 2 3 4 5 |  5.4
Earth Magic    | 1 2 3 4 5 |  5.4
Poison Magic   | 1 2 3 4 5 |  5.4
Axes           | 5 6 7 8 |  8.1
Fighting       | 7 8 9 |  9.3
Armour         | 7 8 9 |  9.3
Shields        | 7 8 9 |  9.3

Action                   |  1- 3 |  4- 6 |  7- 9 | 10-12 || total
-------------------------+-------+-------+-------+-------++-------
Melee: War axe           |    76 |       |       |       ||    76
       Bite              |    12 |    13 |    50 |    42 ||   117
       Dagger            |    23 |   116 |   328 |   217 ||   684
  Use: Scroll            |     6 |     6 |     4 |    11 ||    27
       Potion            |       |     1 |     2 |     2 ||     5
 Stab: Sleeping          |       |       |     1 |     8 ||     9
       Paralysed         |       |       |       |     1 ||     1
Armor: Scale mail        |    17 |       |       |       ||    17
       Plate armour      |    42 |    73 |   156 |       ||   271
       Troll leather arm |       |       |    28 |    62 ||    90
Dodge: Dodged            |    28 |    22 |    87 |   134 ||   271
Block: Buckler           |    26 |    38 |    96 |    85 ||   245
